 Dungeon Crawl Stone Soup version 0.29-a0-542-g075992c915 (webtiles) character file.

Game seed: 10836990121280462494

18830 Conn the Arsonist (level 12, -7/72 HPs)
             Began as an Octopode Fire Elementalist on June 4, 2022.
             Was a Priest of Sif Muna.
             Killed by an exploding slime creature (8 damage)
             ... ignited by their inner flame
             ... on level 13 of the Dungeon.
             The game lasted 01:12:16 (16767 turns).

Conn the Arsonist (Octopode Fire Elementalist)     Turns: 16767, Time: 01:12:18

Health: -7/72      AC:  2    Str:  3    XL:     12   Next: 62%
Magic:  10/26      EV: 14    Int: 30    God:    Sif Muna [***...]
Gold:   254        SH:  0    Dex: 10    Spells: 9/32 levels left

rFire   + . .      SeeInvis .   U - +5 rapier of Infection {elec, +Blink Str-4 Int+5 Dex-3}
rCold   x . .      Faith    .   (no shield)
rNeg    . . .      Spirit   .   L - +1 hat {Int+3}
rPois   .          Reflect  .   H - amulet of regeneration
rElec   .          Harm     .   p - ring of wizardry
rCorr   .          Rampage  .   P - ring of willpower
Will    +....                   Q - ring of Shadows {Umbra +Inv Stlth+}
Stlth   ++++++++..              y - ring of fire
HPRegen 1.02/turn               (no ring)
MPRegen 0.20/turn               (no ring)
                                (no ring)
                                (no ring)

@: on blink cooldown, wreathed by umbra
A: almost no armour, amphibious, 8 rings, camouflage 1, gelatinous body 1,
(nimble swimmer 1), tentacles
a: Renounce Religion, Evoke Blink, Evoke Invisibility, Channel Magic, Forget
Spell


You were on level 13 of the Dungeon.
You worshipped Sif Muna.
Sif Muna was most pleased with you.
You visited 2 branches of the dungeon, and saw 14 of its levels.

You collected 862 gold pieces.
You spent 608 gold pieces at shops.

Inventory:

Hand Weapons
 f - a +1 short sword
 r - a +1 dagger of venom
 s - a +4 dagger of venom
 E - the +8 falchion of the Scorpion {vorpal, Will+++ Str+8 Int-5 Dex+2 Stlth-}
   (You found it on level 7 of the Dungeon)

   It inflicts extra damage upon your enemies.
   Str:       It affects your strength (+8).
   Int:       It affects your intelligence (-5).
   Dex:       It affects your dexterity (+2).
   Will:      It greatly increases your willpower.
   Stlth:     It makes you less stealthy.
 U - the +5 rapier of Infection (weapon) {elec, +Blink Str-4 Int+5 Dex-3}
   (You found it on level 10 of the Dungeon)

   It occasionally discharges a powerful burst of electricity upon striking a
   foe.
   Str:       It affects your strength (-4).
   Int:       It affects your intelligence (+5).
   Dex:       It affects your dexterity (-3).
   +Blink:    It lets you blink.
Missiles
 i - 40 poisoned darts
 j - 6 boomerangs of dispersal
 m - a throwing net (quivered)
Armour
 L - a +1 hat of intelligence (worn)
Magical Staves
 v - a staff of air
 N - a staff of cold
Jewellery
 p - a ring of wizardry (left tentacle)
 y - a ring of fire (on tentacle)
 H - an amulet of regeneration (around mantle)
 P - a ring of willpower (right tentacle)
 Q - the ring of Shadows (on tentacle) {Umbra +Inv Stlth+}
   (You bought it in a shop on level 5 of the Dungeon)

   [ring of stealth]

   It surrounds you with an aura of shadow, increasing your stealth and reducing
   the accuracy of all others within it.
   +Inv:      It lets you turn invisible.
   Stlth:     It makes you more stealthy.
Wands
 d - a wand of polymorph (29)
 n - a wand of iceblast (1)
 x - a wand of mindburst (2)
 G - a wand of flame (23)
 K - a wand of charming (6)
 R - a wand of paralysis (1)
Scrolls
 b - 2 scrolls of teleportation
 k - 2 scrolls of magic mapping
 l - a scroll of poison
 o - 4 scrolls of silence
 q - a scroll of enchant armour
 t - a scroll of immolation
 z - 2 scrolls of amnesia
 B - a scroll of vulnerability
 D - a scroll of blinking
 S - a scroll of fog
Potions
 a - 3 potions of magic
 c - 4 potions of brilliance
 e - 3 potions of curing
 g - 2 potions of might
 h - 2 potions of attraction
 u - a potion of heal wounds
 w - 2 potions of haste
 A - a potion of flight
 C - 2 potions of cancellation {unknown}
 F - 2 potions of mutation {unknown}
 J - a potion of lignification
 M - a potion of degeneration {unknown}
 T - a potion of berserk rage {unknown}
 V - a potion of resistance {unknown}
 W - a potion of invisibility {unknown}


   Skills:
 + Level 3.2 Fighting
 + Level 3.0 Short Blades
 + Level 1.7 Throwing
 + Level 4.6 Dodging
 + Level 7.3 Stealth
 + Level 10.9 Spellcasting
 + Level 5.7 Conjurations
 + Level 3.5 Hexes
 + Level 11.2 Fire Magic
 + Level 1.2 Ice Magic
 + Level 0.1 Air Magic
 + Level 5.5 Invocations
 * Level 5.9 Evocations


You had 9 spell levels left.
You knew the following spells:

 Your Spells              Type           Power      Damage    Failure   Level
a - Foxfire               Conj/Fire      100%       2x1d9     1%          1
b - Conjure Flame         Conj/Fire      79%        6-21      1%          3
c - Inner Flame           Hex/Fire       74%        N/A       1%          3
d - Flame Wave            Conj/Fire      79%        2d14      1%          4
e - Scorch                Fire           100%       2d10      1%          2
f - Ozocubu's Armour      Ice            24%        N/A       2%          3
g - Sticky Flame          Conj/Fire      79%        2d9       1%          4
h - Swiftness             Air            17%        N/A       3%          3

Your spell library contained the following spells:

 Spells                   Type           Power      Damage    Failure   Level
 Ensorcelled Hibernation  Hex/Ice        60%        N/A       1%          2
 Passwall                 Tmut/Erth      13%        N/A       1%          2
 Poisonous Vapours        Pois/Air       32%        N/A       1%          2
 Static Discharge         Conj/Air       33%        N/A       1%          2
 Corpse Rot               Necr/Pois/Air  16%        N/A       12%         4
 Dispel Undead            Necr           16%        3d10      13%         4
 Metabolic Englaciation   Hex/Ice        15%        N/A       13%         5
 Simulacrum               Ice/Necr       10%        N/A       80%         6
 Malign Gateway           Summ/Tloc      8%         N/A       100%        7
 Summon Horrible Things   Summ           8%         N/A       100%        8


Dungeon Overview and Level Annotations

Branches:
Dungeon (13/15)            Temple (1/1) D:6             Orc (0/2) D:10
   Lair: D:8-11      Vaults: D:13-14

Altars:
Ashenzari
Dithmenos
Elyvilon
Fedhas
Gozag
Hepliaklqana
Kikubaaqudgha
Makhleb
Okawaru
Qazlal
Sif Muna
Trog
Uskayaw
Vehumet
Zin
The Shining One

Shops:
D:3 (   D:5 =   D:7 :   D:8 (   D:10 *

Portals:
Ice
Cave: D:13


Innate Abilities, Weirdness & Mutations

You cannot wear most types of armour.
You are amphibious.
You can wear up to eight rings at the same time.
Your skin changes colour to match your surroundings (Stealth+).
Your rubbery body absorbs attacks. (AC +1, EV +1)
((You are camouflaged when in or above water. (Stealth+)))
You have tentacles for arms and can constrict up to eight enemies at once.


Message History

The slime creature is burned terribly!
The slime creature is moderately wounded.
The slime creature hits you!
Unknown command.
The very large slime creature attacks as you move away!
The very large slime creature hits you.
Casting: Scorch (safe; 1% risk of failure)
Confirm with . or Enter, or press ? or * to list all spells.
Okay, then.
You blink.
The very large slime creature is no longer more vulnerable to fire.
The slime creature hits you.
A very large slime creature splits.
You are still too unstable to blink.
Casting: Scorch (safe; 1% risk of failure)
Confirm with . or Enter, or press ? or * to list all spells.
Casting: Flame Wave (safe; 1% risk of failure)
Press: ? - help, Dir - look around, f - activate You feel a surge of power!
A wave of flame ripples out!
The flame wave engulfs the large slime creature!!
Flame seeps out of the large slime creature.
The large slime creature is severely wounded.
The flame wave engulfs the slime creature!!
Flame seeps out of the slime creature.
The slime creature is almost dead.
The flame wave engulfs the slime creature!!
The slime creature is burned terribly!
The slime creature is severely wounded.
The flame wave engulfs the slime creature!
The slime creature is lightly wounded. (Press . to intensify the flame waves.)
The slime creature hits you!! The slime creature closely misses you.
The large slime creature is engulfed in blazing flames.
Flame seeps out of the large slime creature.
The large slime creature hits you!!
* * * LOW HITPOINT WARNING * * *
The slime creature is engulfed in blazing flames.
Sif Muna accepts your kill.
The slime creature explodes!
The fiery explosion engulfs you! You resist.
You die...

#.........#'##....#..
#########.........'..#....'..
#....(...#####....#..#....#..
#........#...#....#..#....##+
#........#...'....#.(#.......
#........#...#....#..'.......
#........#...#....#..#.......
#........#§JJ#....#..#.......
#....#####§○@#....#..#....###
###### ###J#....#..#....#
.......#..#....#
........#..#....# .....?.
#..#....# .........
........... .............


You could see a large slime creature (inner flame) and 2 slime creatures.

Vanquished Creatures
  Gastronok (D:8)
  A hydra (D:12)
  A boulder beetle (D:11)
  3 two-headed ogres (D:10)
  A skeletal warrior (D:11)
  2 ugly things
  3 cyclopes
  A guardian serpent (shapeshifter) (D:11)
  Maggie (D:9)
  A rime drake (D:13)
  3 trolls (D:11)
  A slime creature (D:13)
  2 shadows (D:11)
  6 wyverns
  5 wraiths
  A vampire (D:11)
  2 steam dragons
  19 yaks
  4 wargs (D:10)
  An acid dragon (D:9)
  8 water moccasins
  3 orc warriors
  A black bear (D:5)
  An ice beast (D:6)
  2 ogres
  7 centaurs
  3 wolves (D:13)
  A phantom (D:6)
  2 kobold brigands
  3 gnoll sergeants
  3 necrophages
  A scorpion (D:7)
  8 wights
  4 killer bees
  8 howler monkeys
  3 hounds (D:6)
  3 jellies
  5 gnoll shamans
  6 orc priests
  3 iguanas
  7 orc wizards
  11 adders
  24 gnolls
  A shadow imp (D:6)
  3 white imps
  An ufetubus (D:5)
  A worm (D:4)
  A dart slug (D:4)
  37 orcs
  5 ball pythons
  2 bats (D:3)
  6 endoplasms
  7 giant cockroaches
  7 hobgoblins
  8 jackals
  21 kobolds
  2 quokkas
  4 frilled lizards
  A goblin (D:1)
  7 rats
290 creatures vanquished.

Vanquished Creatures (others)
  A manticore (D:12)
  632 foxfires
  5 fungi (D:11)
  20 plants (D:11)
658 creatures vanquished.

Grand Total: 948 creatures vanquished

Notes
Turn   | Place    | Note
-------+----------+-------------------------------------------
     0 | D:1      | Conn the Octopode Fire Elementalist began the quest for the
                  | Orb.
     0 | D:1      | Reached XP level 1. HP: 11/11 MP: 3/3
   279 | D:1      | Reached XP level 2. HP: 17/17 MP: 1/5
   343 | D:1      | Found a faded altar of an unknown god.
   921 | D:1      | Reached XP level 3. HP: 18/21 MP: 1/6
  1408 | D:1      | Learned a level 2 spell: Scorch
  1412 | D:1      | Learned a level 3 spell: Conjure Flame
  1440 | D:2      | Reached XP level 4. HP: 20/27 MP: 0/7
  1997 | D:2      | Found a hide-covered altar of Uskayaw.
  2260 | D:3      | Reached XP level 5. HP: 32/32 MP: 0/8
  2393 | D:3      | Reached skill level 4 in Fire Magic
  2979 | D:3      | Found Mobaokk's Weapon Boutique.
  3395 | D:3      | Found a hazy altar of Hepliaklqana.
  3470 | D:4      | Noticed an ogre
  3496 | D:3      | Learned a level 3 spell: Inner Flame
  3590 | D:4      | Reached skill level 1 in Short Blades
  3899 | D:4      | Noticed an orc warrior
  4162 | D:4      | Reached XP level 6. HP: 37/37 MP: 7/10
  4817 | D:4      | Killed an orc warrior
  4818 | D:4      | Reached skill level 1 in Fighting
  4818 | D:4      | Reached XP level 7. HP: 9/43 MP: 0/12
  5295 | D:4      | You fall into a shaft and drop 3 floors!
  5312 | D:6      | Reached skill level 5 in Fire Magic
  5474 | D:5      | Entered Level 5 of the Dungeon
  5498 | D:5      | Found Peyreq's Jewellery Shop.
  5931 | D:5      | Reached skill level 1 in Hexes
  5931 | D:5      | Reached XP level 8. HP: 30/48 MP: 0/14
  5951 | D:5      | Reached skill level 5 in Stealth
  6886 | D:6      | Found a staircase to the Ecumenical Temple.
  6895 | Temple   | Entered the Ecumenical Temple
  6903 | Temple   | Became a worshipper of Sif Muna the Loreminder
  6965 | D:6      | Reached skill level 5 in Spellcasting
  6997 | D:6      | Reached skill level 1 in Throwing
  7499 | D:6      | Reached skill level 6 in Fire Magic
  7530 | D:6      | Reached * piety under Sif Muna
  7538 | D:6      | Reached XP level 9. HP: 14/54 MP: 0/17
  8267 | D:6      | Learned a level 4 spell: Flame Wave
  8271 | D:6      | Learned a level 3 spell: Ozocubu's Armour
  8348 | D:7      | Reached skill level 1 in Evocations
  8423 | D:7      | Identified the +8 falchion of the Scorpion {vorpal, Will+++
                  | Str+8 Int-5 Dex+2 Stlth-}
  8458 | D:7      | Learned a level 4 spell: Sticky Flame
  8524 | D:7      | Reached skill level 7 in Fire Magic
  8592 | D:7      | Found Modivvul's Book Shoppe.
  8796 | D:7      | Reached skill level 1 in Invocations
  8808 | D:7      | Found a broken altar of Ashenzari.
  9653 | D:7      | Found an ancient bone altar of Kikubaaqudgha.
  9653 | D:7      | Found a stormy altar of Qazlal.
  9654 | D:7      | Found a burning altar of Makhleb.
  9981 | D:8      | Reached ** piety under Sif Muna
 10413 | D:8      | Reached skill level 8 in Fire Magic
 10556 | D:8      | Reached XP level 10. HP: 60/60 MP: 13/20
 10570 | D:8      | Found Qishrucw's Antique Weapon Shoppe.
 11174 | D:8      | Noticed Gastronok
 11226 | D:8      | HP: 3/60 [Gastronok/the air (32)]
 11796 | D:8      | Killed Gastronok
 11928 | D:9      | Noticed Maggie
 11936 | D:9      | Killed Maggie
 11937 | D:9      | Reached skill level 9 in Fire Magic
 12306 | D:9      | Reached XP level 11. HP: 56/64 MP: 10/23
 12920 | D:5      | Bought the ring of Shadows {Umbra +Inv Stlth+} for 560 gold
                  | pieces
 12920 | D:5      | Found the ring of Shadows {Umbra +Inv Stlth+}
 13024 | D:10     | Entered Level 10 of the Dungeon
 13040 | D:10     | Reached skill level 5 in Conjurations
 13077 | D:10     | Found Disougineawk's CLEARANCE SALE!.
 13085 | D:10     | Bought a wand of paralysis (5) for 28 gold pieces
 13085 | D:10     | Bought a scroll of teleportation for 12 gold pieces
 13085 | D:10     | Bought a scroll of fog for 8 gold pieces
 13092 | D:10     | Found a staircase to the Orcish Mines.
 13107 | D:10     | Reached skill level 5 in Invocations
 13236 | D:10     | Found an opulent altar of Gozag.
 13312 | D:10     | Noticed a two-headed ogre
 13320 | D:10     | Killed a two-headed ogre
 13447 | D:10     | Found an opulent altar of Gozag.
 13479 | D:10     | Identified the +5 rapier of Infection {elec, +Blink Str-4
                  | Int+5 Dex-3}
 13662 | D:10     | Noticed a two-headed ogre
 13705 | D:10     | Killed a two-headed ogre
 13786 | D:10     | Noticed a two-headed ogre
 13800 | D:10     | Killed a two-headed ogre
 14009 | D:11     | Learned a level 3 spell: Swiftness
 14044 | D:11     | Reached skill level 10 in Fire Magic
 14122 | D:11     | Noticed a white ugly thing
 14132 | D:11     | Killed a white ugly thing
 14153 | D:11     | Noticed a skeletal warrior
 14597 | D:11     | Reached *** piety under Sif Muna
 14610 | D:11     | Noticed a boulder beetle
 14615 | D:11     | Killed a boulder beetle
 14616 | D:11     | Reached skill level 10 in Spellcasting
 14640 | D:11     | Reached XP level 12. HP: 36/72 MP: 2/26
 15713 | D:12     | Reached skill level 1 in Ice Magic
 15713 | D:12     | Reached skill level 5 in Evocations
 15850 | D:12     | Noticed a seven-headed hydra
 15861 | D:12     | Killed a seven-headed hydra
 16135 | D:12     | Reached skill level 11 in Fire Magic
 16444 | D:12     | Identified the +5 quarterstaff of the Puffin {flame,
                  | Stlth+}
 16522 | D:13     | Found a frozen archway.
 16523 | D:13     | Noticed an ice dragon
 16767 | D:13     | HP: 1/72 [large slime creature (29)]
 16767 | D:13     | Killed by an exploding slime creature... ignited by their
                  | inner flame

Illustrated notes

Levels and vault maps discovered:
D:1:      matt_arrival_diagonals, layout_basic,
          ebering_ecumenical_altar_sacrificial,
          amcnicky_mini_rare_corridor_liquid
D:2:      layout_loops_ring, basic_altar, solitary_fountain
D:3:      layout_loops_ring, lemuel_coloured_pillars_altar, serial_shops,
          nicolae_shop_bloodbath_and_beyond
D:4:      layout_rooms
D:5:      layout_gridville, serial_shops, shop
D:6:      layout_loops_ring, temple_fountains, minmay_pentangle
D:7:      layout_loops_ring, amcnicky_altar_gilded,
          nicolae_overflow_hidden_temple, serial_shops,
          nicolae_shop_advertising_works [nicolae_subvault_shop_adworks],
          serial_bayou_pond_e
D:8:      layout_basic, serial_shops, shop, roderic_lattice_a, st_stairs_5,
          hex_intersection, uniq_gastronok
D:9:      layout_rooms, uniq_maggie
D:10:     layout_basic, nicolae_gozag_cash_rules_everything_around_me,
          minmay_orc_entry_guard_dogs, kennysheep_flooded_box,
          nicolae_shop_clearance
D:11:     minmay_opposing_rooms, layout_basic, minmay_lair_entry_grove
D:12:     layout_irregular_city
D:13:     layout_gridville, david_vaults_3,
          portal_ice_cave_entry_animals_and_master
Temple:   lightli_temple_of_artemis

Skill      XL: |  1  2  3  4  5  6  7  8  9 10 11 12 |
---------------+-------------------------------------+-----
Stealth        | 3 4 6 7 |  7.3
Conjurations   | 2 3 4 5 |  5.7
Fire Magic     | 4 5 6 8 9 10 11 | 11.2
Short Blades   | 1 2 3 |  3.0
Spellcasting   | 3 4 5 7 8 10 | 10.9
Fighting       | 1 2 3 |  3.2
Hexes          | 1 3 |  3.5
Throwing       | 1 |  1.7
Dodging        | 3 4 |  4.6
Evocations     | 1 4 5 |  5.9
Invocations    | 2 4 5 |  5.5
Ice Magic      | 1 |  1.2
Air Magic      | |  0.1

Action                   |  1- 3 |  4- 6 |  7- 9 | 10-12 || total
-------------------------+-------+-------+-------+-------++-------
Melee: Tentacles         |     2 |    12 |    16 |     4 ||    34
       Unarmed           |     2 |       |       |       ||     2
       Constrict         |     1 |    17 |    19 |     1 ||    38
       Short sword       |     9 |    49 |       |       ||    58
       Dagger            |       |    10 |    75 |    16 ||   101
       Rapier            |       |       |       |    20 ||    20
Throw: Dart              |       |       |    14 |       ||    14
       Throwing net      |       |       |     2 |     1 ||     3
 Cast: Foxfire           |    37 |    65 |   119 |   159 ||   380
       Scorch            |     2 |    12 |    66 |   103 ||   183
       Inner Flame       |       |     2 |    11 |    44 ||    57
       Conjure Flame     |       |     2 |    12 |    23 ||    37
       Flame Wave        |       |       |     4 |     4 ||     8
       Ozocubu's Armour  |       |       |       |     8 ||     8
       Sticky Flame      |       |       |       |     5 ||     5
       Swiftness         |       |       |       |     1 ||     1
Invok: Channel Magic     |       |       |       |     1 ||     1
 Abil: Evoke Blink       |       |       |       |     2 ||     2
Evoke: Wand              |       |       |    11 |    14 ||    25
  Use: Potion            |     5 |       |     3 |     3 ||    11
       Scroll            |     3 |     2 |     1 |    10 ||    16
 Stab: Sleeping          |     3 |     8 |     8 |     3 ||    22
       Distracted        |       |     1 |       |       ||     1
Armor: Skin              |     4 |     7 |    30 |    17 ||    58
Dodge: Dodged            |    14 |    49 |    63 |   109 ||   235

Table legend: (Time is in decaauts)
 A = Elapsed time spent in this place.
 B = Non-inter-level travel time spent in this place.
 C = Inter-level travel time spent in this place.
 D = Time resting spent in this place.
 E = Time spent auto-exploring this place.
 F = Levels seen in this place.
 G = Mean time per level.
                   A        B        C        D        E       F      G
               +--------+--------+--------+--------+--------+-----+--------+
         Total |  16754 |  16293 |    461 |   1829 |  11239 |  14 | 1196.7 |
       Dungeon |  16737 |  16276 |    461 |   1829 |  11239 |  13 | 1287.5 |
        Temple |     16 |     16 |      0 |      0 |      0 |   1 |   16.0 |
               +--------+--------+--------+--------+--------+-----+--------+

Top non-repeatable levels by time:
     D:8: 2234 daAuts
     D:3: 2124 daAuts
     D:6: 1846 daAuts
     D:7: 1624 daAuts
     D:1: 1408 daAuts
    D:11: 1277 daAuts
     D:5: 1270 daAuts
    D:10: 1093 daAuts
    D:12: 1060 daAuts
     D:4: 934 daAuts
     D:2: 834 daAuts
     D:9: 719 daAuts
    D:13: 308 daAuts
  Temple: 16 daAuts
